 Dungeon Crawl Stone Soup version 0.29-a0-1047-g7c58e119a4 (webtiles) character file.

Game seed: 3059845530005417259

2389 Newt the Prestidigitator (level 9, -1/69 HPs)
             Began as a Yellow Draconian Artificer on Aug 16, 2022.
             Was an Initiate of Qazlal.
             Slain by a komodo dragon (29 damage)
             ... on level 7 of the Dungeon.
             The game lasted 00:22:21 (9480 turns).

Newt the Prestidigitator (DrAr)                     Turns: 9480, Time: 00:22:22

Health: -1/69      AC:  9    Str: 16    XL:     9   Next: 22%
Magic:  9/9        EV: 14    Int: 12    God:    Qazlal [......]
Gold:   294        SH:  0    Dex: 14    Spells: 8/8 levels left

rFire   . . .      SeeInvis .   a - +0 dire flail (vorpal)
rCold   . . .      Faith    .   (shield currently unavailable)
rNeg    . . .      Spirit   .   (body armour unavailable)
rPois   .          Reflect  .   (helmet restricted)
rElec   .          Harm     .   (no cloak)
rCorr   +          Rampage  .   h - +0 pair of gloves
Will    .....                   y - +0 pair of boots
Stlth   ++........              (no amulet)
HPRegen 0.21/turn               (no ring)
MPRegen 0.11/turn               (no ring)

@: no status effects
A: spit acid, AC +7, unfitting armour, cold-blooded, acid resistance
a: Breathe Acid, Renounce Religion


You were on level 7 of the Dungeon.
You worshipped Qazlal.
Qazlal was noncommittal.
You visited 2 branches of the dungeon, and saw 8 of its levels.

You collected 294 gold pieces.

Inventory:

Hand Weapons
 a - a +0 vorpal dire flail (weapon)
 b - a +0 arbalest
 w - a +0 vampiric halberd
 C - a +0 club
Missiles
 n - 18 poisoned darts
 p - 53 stones
 I - 6 datura-tipped darts
Armour
 h - a +0 pair of gloves (worn)
 r - a +0 buckler
 y - a +0 pair of boots (worn)
Jewellery
 k - a ring of wizardry
 u - a ring of fire
 v - a ring of fire
Wands
 c - a wand of charming (14)
 H - a wand of paralysis (11)
 L - a wand of polymorph (21)
Scrolls
 g - 3 scrolls of enchant armour
 i - a scroll of magic mapping
 j - a scroll of blinking
 l - a scroll of fear
 o - a scroll of silence
 q - 3 scrolls of teleportation
 t - a scroll of brand weapon {unknown}
 x - a scroll of torment
 z - a scroll of noise
 B - a scroll of fog {unknown}
 G - 2 scrolls of vulnerability {unknown}
 K - a scroll of enchant weapon {unknown}
Potions
 e - a potion of resistance
 f - a potion of heal wounds
 m - a potion of ambrosia
 s - a potion of attraction
 A - a potion of flight
 D - a potion of curing
 E - 3 potions of invisibility
 F - 2 potions of might
 M - 2 potions of mutation {unknown}
 N - a potion of lignification


   Skills:
 - Level 3.0 Fighting
 - Level 6.0 Maces & Flails
 + Level 3.3 Ranged Weapons
 - Level 5.0 Dodging
 - Level 2.0 Stealth
 - Level 3.0 Shields
 - Level 8.0 Evocations


You had 8 spell levels left.
You didn't know any spells.
Your spell library contained the following spells:

 Spells                   Type           Power      Damage    Failure   Level
 Beastly Appendage        Tmut           0%         N/A       32%         1
 Sublimation of Blood     Necr           0%         N/A       45%         2
 Wereblood                Tmut           0%         N/A       45%         2
 Spider Form              Tmut/Pois      0%         N/A       69%         3
 Petrify                  Tmut/Erth      0%         N/A       97%         4
 Irradiate                Conj/Tmut      0%         3d11      100%        5
 Iskenderun's Battlesphe  Conj           0%         2d6       100%        5
 Iron Shot                Conj/Erth      0%         9d1       100%        6
 Spellforged Servitor     Conj/Summ      0%         N/A       100%        7


Dungeon Overview and Level Annotations

Branches:
Dungeon (7/15)             Temple (1/1) D:5

Altars:
Ashenzari
Cheibriados
Dithmenos
Elyvilon
Fedhas
Gozag
Hepliaklqana
Makhleb
Nemelex Xobeh
Okawaru
Qazlal
Ru
Sif Muna
Trog
Uskayaw
Vehumet
Wu Jian
Xom
Yredelemnul
Zin
The Shining One


Innate Abilities, Weirdness & Mutations

You can spit globs of acid.
Your golden yellow scales are hard. (AC +7)
You cannot fit into any form of body armour.
You are cold-blooded and may be slowed by cold attacks.
You are resistant to acid. (rCorr)


Message History

The komodo dragon is moderately wounded.
The now-empty wand crumbles to dust.
Unknown command.
b - a +0 arbalest (weapon)
You shoot a bolt. The bolt hits the komodo dragon!
The komodo dragon is heavily wounded.
You shoot a bolt. The bolt hits the komodo dragon.
The komodo dragon is severely wounded.
a - a +0 vorpal dire flail (weapon)
The komodo dragon barely misses you.
You hit the komodo dragon.
You tail-slap the komodo dragon, but do no damage.
The komodo dragon is severely wounded.
The komodo dragon bites you.
You hit the komodo dragon but do no damage.
Your tail-slap misses the komodo dragon.
The komodo dragon is severely wounded.
The komodo dragon misses you.
You barely miss the komodo dragon.
Your tail-slap misses the komodo dragon.
The komodo dragon is severely wounded.
The komodo dragon closely misses you.
You hit the komodo dragon.
The komodo dragon is severely wounded.
The komodo dragon bites you!!
You closely miss the komodo dragon.
The komodo dragon is severely wounded.
The komodo dragon barely misses you.
You barely miss the komodo dragon.
Your tail-slap misses the komodo dragon.
The komodo dragon is severely wounded.
The komodo dragon bites you!!
* * * LOW HITPOINT WARNING * * *
Unknown command.
You feel much better. The komodo dragon bites you.
Unknown command.
You barely miss the komodo dragon.
The komodo dragon is severely wounded.
The komodo dragon bites you!!
You die...

....#)##.......##..#
#####)###.....###.##
......####..####.##
####....##### #..#
##....## ##.##
##..).####.########
##.....##.#......##
###
##......#.........
..##
##.....##@l......
...#
##...###........
..## ##...#
##....... ..#
##.#.## ....... .##
##....# #...... ##
###.....# ......
#####.....#.# #.....
##........#.## #....
..........#..#


You could see a komodo dragon.

Vanquished Creatures
  Maggie (D:7)
  Edmund (D:4)
  A water moccasin (D:7)
  A black bear (D:6)
  2 sky beasts
  4 ice beasts
  A centaur (D:6)
  A phantom (D:7)
  A necrophage (D:4)
  4 bullfrogs
  3 scorpions
  6 hounds
  A jelly (D:4)
  3 iguanas
  An orc wizard (D:2)
  Robin (D:3)
  5 gnolls
  6 adders
  A shadow imp (D:7)
  A white imp (D:7)
  2 ufetubi (D:5)
  A worm (D:2)
  A dart slug (D:5)
  9 orcs
  9 endoplasms
  4 giant cockroaches (D:2)
  14 goblins
  8 hobgoblins
  18 jackals
  6 quokkas
  8 ball pythons
  9 bats
  3 frilled lizards
  10 kobolds
  6 rats
153 creatures vanquished.

Vanquished Creatures (collateral kills)
  A jackal (D:4)
1 creature vanquished.

Grand Total: 154 creatures vanquished

Notes
Turn   | Place    | Note
-------+----------+-------------------------------------------
     0 | D:1      | Newt the Draconian Artificer began the quest for the Orb.
     0 | D:1      | Reached XP level 1. HP: 16/16 MP: 1/1
   347 | D:1      | Reached XP level 2. HP: 15/23 MP: 2/2
   869 | D:1      | Reached skill level 4 in Evocations
  1261 | D:1      | Reached XP level 3. HP: 18/28 MP: 3/3
  2202 | D:2      | Found a radiant altar of Vehumet.
  2424 | D:2      | Found a faded altar of an unknown god.
  2621 | D:2      | Reached XP level 4. HP: 22/35 MP: 4/4
  2632 | D:2      | Reached skill level 5 in Evocations
  2812 | D:2      | Reached skill level 1 in Stealth
  3616 | D:2      | Reached skill level 1 in Maces & Flails
  3863 | D:3      | Reached XP level 5. HP: 38/40 MP: 5/5
  5106 | D:4      | Noticed Robin
  5146 | D:3      | Killed Robin
  5306 | D:4      | Found an iron altar of Okawaru.
  5306 | D:4      | Found a shimmering blue altar of Sif Muna.
  5742 | D:4      | Reached XP level 6. HP: 47/47 MP: 6/6
  5744 | D:5      | Entered Level 5 of the Dungeon
  5946 | D:5      | Reached skill level 1 in Shields
  6004 | D:5      | Noticed Edmund
  6105 | D:4      | Killed Edmund
  6106 | D:4      | Your scales start taking on a golden yellow colour.
  6106 | D:4      | Reached XP level 7. HP: 34/57 MP: 7/7
  6106 | D:4      | Gained mutation: You are resistant to acid. (rCorr) [Yellow
                  | Draconian growth]
  6265 | D:5      | Found a staircase to the Ecumenical Temple.
  6485 | D:5      | Reached skill level 1 in Ranged Weapons
  6608 | D:5      | Found a blossoming altar of Fedhas.
  6615 | D:5      | Found a basalt altar of Yredelemnul.
  6814 | Temple   | Entered the Ecumenical Temple
  6967 | Temple   | Became a worshipper of Qazlal Stormbringer
  7226 | D:6      | Reached skill level 6 in Evocations
  7226 | D:6      | Reached XP level 8. HP: 63/63 MP: 8/8
  7518 | D:6      | Reached skill level 7 in Evocations
  8413 | D:7      | Noticed Maggie
  8422 | D:7      | Killed Maggie
  8423 | D:7      | Reached skill level 8 in Evocations
  8423 | D:7      | Reached skill level 5 in Maces & Flails
  8621 | D:7      | Reached XP level 9. HP: 69/69 MP: 9/9
  8674 | D:7      | Noticed a komodo dragon
  9160 | D:7      | Reached skill level 5 in Dodging
  9480 | D:7      | Slain by a komodo dragon

Illustrated notes

Levels and vault maps discovered:
D:1:      co_arrival_random_square_maze, layout_loops_ring, fountainhead,
          minmay_three_crescents
D:2:      layout_rooms, hellmonk_ecumenical_altar_arch_garden, basic_altar,
          minmay_worlds_worst_comb
D:3:      minmay_spotlight, layout_rooms, roderic_nine_men_s_morris
D:4:      minmay_door_path, layout_rooms, gammafunk_temple_overflow_wave,
          uniq_robin
D:5:      layout_cave_pools, amethyst_overflow_temple_binary, temple_pool_b,
          uniq_edmund
D:6:      layout_loops_ring
D:7:      layout_cave_pods, minmay_misc_feat_chi, minmay_checkerbox, uniq_maggie
Temple:   minmay_crystal_spiral_temple

Skill      XL: |  1  2  3  4  5  6  7  8  9 |
---------------+----------------------------+-----
Evocations     | 4 5 6 8 |  8.0
Stealth        | 2 |  2.0
Maces & Flails | 1 4 6 |  6.0
Fighting       | 3 |  3.0
Shields        | 3 |  3.0
Dodging        | 3 4 5 |  5.0
Ranged Weapons | 3 |  3.3

Action                   |  1- 3 |  4- 6 |  7- 9 || total
-------------------------+-------+-------+-------++-------
Melee: Club              |   251 |   342 |     4 ||   597
       Tailslap          |    25 |    44 |    26 ||    95
       Punch             |     2 |     2 |       ||     4
       Dire flail        |       |       |   161 ||   161
 Fire: Arbalest          |       |     6 |    55 ||    61
 Abil: Breathe Acid      |       |       |     2 ||     2
Evoke: Wand              |     4 |    15 |     2 ||    21
  Use: Scroll            |       |    12 |     4 ||    16
       Potion            |       |       |     2 ||     2
 Stab: Sleeping          |     1 |     4 |       ||     5
Armor: Skin              |   115 |   122 |    64 ||   301
Dodge: Dodged            |   251 |   276 |   129 ||   656
Block: Buckler           |       |    25 |       ||    25

Table legend: (Time is in decaauts)
 A = Elapsed time spent in this place.
 B = Non-inter-level travel time spent in this place.
 C = Inter-level travel time spent in this place.
 D = Time resting spent in this place.
 E = Time spent auto-exploring this place.
 F = Levels seen in this place.
 G = Mean time per level.
                   A        B        C        D        E       F      G
               +--------+--------+--------+--------+--------+-----+--------+
         Total |   9701 |   9473 |    228 |   2879 |   4353 |   8 | 1212.6 |
       Dungeon |   9488 |   9345 |    143 |   2879 |   4242 |   7 | 1355.4 |
        Temple |    212 |    127 |     85 |      0 |    111 |   1 |  212.0 |
               +--------+--------+--------+--------+--------+-----+--------+

Top non-repeatable levels by time:
     D:1: 2111 daAuts
     D:2: 1684 daAuts
     D:4: 1419 daAuts
     D:6: 1316 daAuts
     D:3: 1192 daAuts
     D:7: 1135 daAuts
     D:5: 629 daAuts
  Temple: 212 daAuts
